 Dungeon Crawl Stone Soup version 0.30-a0-587-gfd7c166f36 (webtiles) character file.

Game seed: 14545241111667891793

76335 MacCMillion the Brawler (level 14, 0/140 (144) HPs)
             Began as a Troll Fighter on Jan 4, 2023.
             Was the Champion of Jiyva.
             Slain by a rust devil (10 damage)
             ... summoned by an orc high priest
             ... on level 2 of the Orcish Mines on Jan 5, 2023.
             The game lasted 01:05:01 (16203 turns).

MacCMillion the Brawler (Troll Fighter)            Turns: 16203, Time: 01:05:02

HP:   0/140 (144)   AC:  0    Str: 29    XL:     14   Next: 67%
MP:   14/14         EV: 17    Int:  2    God:    Jiyva [******]
Gold: 917           SH: 17    Dex: 17    Spells: 13/13 levels left

rFire   + . .      SeeInvis .      - Unarmed
rCold   + + +      Faith    .    b - +1 kite shield
rNeg    + . .      Spirit   .    J - +0 troll leather armour
rPois   +          Reflect  .    (helmet restricted)
rElec   .          Harm     .    Q - scarf {rC+ rF+}
rCorr   +          Rampage  .    (gloves unavailable)
Will    ++...                    (boots unavailable)
Stlth   +++                      (no amulet)
HPRegen 3.63/turn                d - ring of Qeuschula {*Corrode rPois rC+++ rN+ EV+5}
MPRegen 0.64/turn                Y - ring of willpower

@: corroded, lightly drained
A: large, unfitting armour, claws 3, regeneration 1, shaggy fur 1, tough skin 1,
large bone plates 1, camouflage 2, agile 2, high MP 1, wild magic 1, pseudopods
3, evolution 2, jelly sensing items, engulf
}: 1/15 runes: slimy
a: Renounce Religion, Oozemancy, Slimify


You were on level 2 of the Orcish Mines.
You worshipped Jiyva.
Jiyva was exalted by your worship.
You visited 5 branches of the dungeon, and saw 24 of its levels.
You also visited: Ice Cave and Volcano.

You collected 1137 gold pieces.
You spent 220 gold pieces at shops.

Inventory:

Hand Weapons
 A - a +0 shortbow
Missiles
 l - 40 poisoned darts (quivered)
 m - 5 javelins
 s - 6 boomerangs
 E - 2 silver boomerangs
 L - 3 boomerangs of dispersal
 M - a curare-tipped dart
Armour
 a - a +0 robe
 b - a +1 kite shield (worn)
 J - a +0 troll leather armour (worn)
 O - a +1 robe
 Q - a scarf of resistance (worn)
 V - a +2 hat
Jewellery
 d - the ring of Qeuschula (left claw) {*Corrode rPois rC+++ rN+ EV+5}
   (You found it on level 5 of the Pits of Slime)

   [ring of evasion]

   EV:        It affects your evasion (+5).
   rC:        It renders you almost immune to cold.
   rPois:     It protects you from poison.
   rN:        It protects you from negative energy.
   *Corrode:  It may corrode you when you take damage.
 w - a ring of flight
 G - a ring of protection from fire
 H - an amulet of magic regeneration
 R - a ring of fire
 T - a ring of ice
 Y - a ring of willpower (right claw)
 Z - the ring of Yceluwk {rPois SInv}
   (You found it on level 5 of the Pits of Slime)

   [ring of poison resistance]

   rPois:     It protects you from poison.
   SInv:      It lets you see invisible.
Wands
 q - a wand of charming (10)
 x - a wand of iceblast (9)
 D - a wand of digging (6)
 F - a wand of mindburst (24)
 U - a wand of flame (6)
 W - a wand of polymorph (6)
Scrolls
 e - 5 scrolls of teleportation
 h - 3 scrolls of enchant armour
 t - 2 scrolls of noise {unknown}
 u - a scroll of silence
 v - a scroll of amnesia {unknown}
 y - 2 scrolls of poison {unknown}
 C - a scroll of vulnerability {unknown}
 I - a scroll of fear {unknown}
 K - a scroll of brand weapon {unknown}
 N - a scroll of immolation {unknown}
 S - 2 scrolls of fog
 X - a scroll of identify
Potions
 c - 5 potions of might
 f - 3 potions of berserk rage
 g - 3 potions of curing
 i - 3 potions of ambrosia
 j - 2 potions of brilliance
 k - 3 potions of heal wounds
 n - 3 potions of magic {unknown}
 o - 3 potions of mutation {unknown}
 p - 4 potions of attraction {unknown}
 r - 2 potions of haste
 z - 2 potions of flight {unknown}
 B - 2 potions of lignification {unknown}
 P - 2 potions of resistance {unknown}


   Skills:
 + Level 10.9 Fighting
 - Level 9.0 Throwing
 + Level 6.5 Dodging
 + Level 10.9 Shields
 * Level 16.5 Unarmed Combat


You had 13 spell levels left.
You didn't know any spells.
Your spell library contained the following spells:

 Spells                   Type           Power      Damage    Failure   Level
 Magic Dart               Conj           0%         1d3       86%         1
 Summon Small Mammal      Summ           0%         N/A       86%         1
 Call Imp                 Summ           0%         N/A       94%         2
 Searing Ray              Conj           0%         2d4       94%         2
 Call Canine Familiar     Summ           0%         N/A       99%         3
 Dazzling Flash           Conj/Hex       0%         N/A       99%         3
 Mephitic Cloud           Conj/Pois/Air  0%         N/A       99%         3
 Summon Guardian Golem    Hex/Summ       0%         N/A       99%         3
 Animate Dead             Necr           0%         N/A       100%        4
 Cause Fear               Hex            0%         N/A       100%        4
 Fulminant Prism          Conj/Hex       0%         3d5       100%        4
 Iskenderun's Mystic Bla  Conj/Tloc      0%         2d3       100%        4
 Borgnjor's Vile Clutch   Necr/Erth      0%         N/A       100%        5
 Yara's Violent Unravell  Hex/Tmut       0%         3d3       100%        5
 Death Channel            Necr           0%         N/A       100%        6
 Starburst                Conj/Fire      0%         6d3       100%        6
 Dragon Form              Tmut           0%         N/A       100%        7
 Enfeeble                 Hex            0%         N/A       100%        7
 Dragon's Call            Summ           0%         N/A       100%        9


Dungeon Overview and Level Annotations

Branches:
Dungeon (11/15)            Temple (1/1) D:4            Lair (5/5) D:11
  Swamp (0/4) Lair:2        Snake (0/4) Lair:3        Slime (5/5) Lair:5
    Orc (2/2) D:9           IceCv (visited)         Volcano (visited)
    Elf: Orc:2

Altars:
Ashenzari
Cheibriados
Dithmenos
Fedhas
Hepliaklqana
Makhleb
Okawaru
Sif Muna
Uskayaw
Wu Jian
Xom
The Shining One
Jiyva

Shops:
D:3 (!   D:4 :   Orc:1 *

Portals:
Trove: D:10 (give horn of Geryon)

Annotations:
D:2 1 runed translucent door, Crazy Yiuf
Lair:2 2 transporters, Zigma's ghost, journeyman OpSu
Lair:4 2 transporters, Imiw's ghost, journeyman TeAE
Slime:5 Royal Jelly


Innate Abilities, Weirdness & Mutations

You are too large for most types of armour.
You have claws for hands.
Your natural rate of healing is unusually fast.
You are covered in fur. (AC +1)
You have tough skin. (AC +1)
You are partially covered in large bone plates. (SH +4)
Your skin blends seamlessly with your surroundings (Stealth++).
You are very agile. (Dex +8, Str/Int -2)
You have an increased reservoir of magic. (+10% MP)
Your spells are a little harder to cast, but a little more powerful.
Armour fits poorly on your massive pseudopods.
You have great hidden genetic potential.
You have a small jelly attached to you that senses nearby items.
Your melee attacks may engulf your foes in ooze.


Message History

You scratch the orc high priest. You bludgeon the orc high priest!
The orc high priest is moderately wounded.
The hellwing hits you! You block the hellwing's attack.
You block the orc priest's attack.
An orc comes into view. It is wielding a +0 mace.
The orc high priest hits you with a +0 trident.
The sun demon hits you!!
You are engulfed in flames.
You resist.
Unknown command.
You barely miss the orc high priest. You bludgeon the orc high priest.
The orc high priest is moderately wounded.
The rust devil completely misses you.
The orc priest calls upon Beogh to heal the orc high priest.
The orc high priest is healed somewhat.
The orc high priest hits you with a +0 trident!
* * * LOW HITPOINT WARNING * * *
The hellwing hits you!
* * * LOW HITPOINT WARNING * * *
The hellwing closely misses you.
An orc wizard comes into view. It is wielding a +0 dagger.
The sun demon hits you!!
* * * LOW HITPOINT WARNING * * *
You are engulfed in flames.
You resist.
* * * LOW HITPOINT WARNING * * *
Unknown command.
Unknown command.
You feel much better.
The orc wizard shouts!
You hear a shout!
The rust devil hits you.
* * * LOW HITPOINT WARNING * * *
The orc priest closely misses you. You block the sun demon's attack.
The hellwing hits you!
* * * LOW HITPOINT WARNING * * *
The hellwing hits you!
* * * LOW HITPOINT WARNING * * *
An orc priest comes into view.
It is wielding a +0 morningstar of venom.
Unknown command.
You scratch the orc high priest.
The orc high priest is moderately wounded.
The rust devil hits you!
You die...

...............#...#....
.....##.........#.#.....
^...###.#.......####....
..### ###.#...### .##
##...[...## ..##
#.......[.# ...#
##.#...[..### #.##
#####.#.44.### ###
####o@o..# ##)3...#
.{....... ...oo.....
####o..#### ..... ...o.
####o.


You could see an orc high priest, a sun demon (summoned), a hellwing (summoned),
a rust devil (summoned), 3 orc priests, 2 orc wizards and an orc.

Vanquished Creatures
  2 fire dragons
  A hydra (Lair:5)
  A catoblepas (Lair:5)
  Erica (D:8)
  3 two-headed ogres
  11 death yaks
  3 orc high priests (Orc:2)
  Amaemon (D:8)
  2 bog bodies (IceCv)
  4 lindwurms
  2 wolf spiders (Lair:2)
  4 orc sorcerers
  4 elephants (Lair:3)
  2 black mambas
  3 molten gargoyles (Lair:5)
  2 smoke demons (Volcano)
  Joseph (D:8)
  An ice statue (IceCv)
  An orange demon (D:8)
  An unseen horror (D:11)
  13 cane toads
  15 komodo dragons
  An ice devil (IceCv)
  2 rime drakes
  2 anaconda simulacra (IceCv)
  6 trolls
  4 polar bears
  Prince Ribbit (D:8)
  11 dream sheep
  16 blink frogs (Lair:2)
  A vampire (D:9)
  5 wyverns
  A wraith (D:10)
  50 yaks
  2 shadows
  6 steam dragons
  Grum (D:8)
  5 basilisks (Lair:5)
  A two-headed ogre zombie (D:9)
  4 wargs
  6 vampire mosquitoes (D:11)
  4 death yak simulacra
  3 nagas (Lair:3)
  2 hydra simulacra (IceCv)
  12 water moccasins
  5 hell hounds
  17 orc warriors
  An ice beast (D:6)
  A black bear (D:6)
  29 wolves
  6 ogres
  8 centaurs
  3 kobold brigands
  6 phantoms
  5 bullfrogs
  A necrophage (D:7)
  A cane toad simulacrum (IceCv)
  3 scorpions
  5 two-headed ogre simulacra (IceCv)
  7 wights
  2 troll zombies (D:9)
  9 howler monkeys
  An electric eel (D:7)
  5 lava snakes (Lair:5)
  16 orc priests
  A gnoll bouda (D:6)
  3 iguanas
  26 orc wizards
  6 polar bear simulacra
  7 spriggan simulacra (IceCv)
  5 troll simulacra (IceCv)
  2 wolf simulacra (IceCv)
  4 ogre zombies (D:9)
  2 gnolls
  5 adders
  3 naga simulacra (IceCv)
  2 shadow imps
  10 white imps
  4 ufetubi
  46 orcs
  2 endoplasms (D:1)
  6 giant cockroaches
  7 goblins
  5 hobgoblins
  3 quokkas
  10 ball pythons
  5 bats
  7 frilled lizards
  2 goblin skeletons (D:9)
  2 goblin zombies (D:9)
  3 hobgoblin zombies (D:9)
  19 kobolds
  An orc skeleton (D:9)
  10 orc zombies (D:9)
  4 rats
567 creatures vanquished.

Vanquished Creatures (collateral kills)
  An ugly thing (D:11)
  A death yak simulacrum (IceCv)
  A harpy simulacrum (IceCv)
  An orc wizard (D:11)
  A polar bear simulacrum (IceCv)
  A wolf simulacrum (IceCv)
6 creatures vanquished.

Vanquished Creatures (others)
  A kobold demonologist (D:10)
  A komodo dragon (Lair:3)
  A slime creature (Lair:2)
  A basilisk (Lair:5)
  3 centaurs (Lair:3)
  2 bullfrogs
  A wight (D:9)
  A howler monkey (D:5)
  57 jellies
  An orc priest (D:7)
  3 hounds
  2 iguanas
  2 orc wizards
  An ogre zombie (D:9)
  5 gnolls
  2 adders
  2 ufetubi
  A dart slug (D:4)
  3 endoplasms
  10 orcs
  A ball python (D:3)
  2 hobgoblins
  A quokka (D:4)
  4 kobolds
  An orc skeleton (D:9)
  6 orc zombies (D:9)
  66 fungi
  61 plants
242 creatures vanquished.

Grand Total: 815 creatures vanquished

Notes
Turn   | Place    | Note
-------+----------+-------------------------------------------
     0 | D:1      | MacCMillion the Troll Fighter began the quest for the Orb.
     0 | D:1      | Reached XP level 1. HP: 22/22 MP: 0/0
   238 | D:1      | Reached XP level 2. HP: 29/29 MP: 1/1
   684 | D:2      | Found a faded altar of an unknown god.
   687 | D:2      | Prayed at the altar of an unknown god.
   687 | D:2      | Became a worshipper of Jiyva Juoxt the Shapeless
   687 | D:2      | Reached * piety under Jiyva
   735 | D:2      | Reached XP level 3. HP: 36/36 MP: 2/2
   994 | D:2      | Found a runed translucent door.
   995 | D:2      | Noticed Crazy Yiuf
  1079 | D:2      | Reached ** piety under Jiyva
  1552 | D:3      | Found Opoba's Weapon Shop.
  1559 | D:3      | Found Hanulo's Distillery.
  1576 | D:3      | Bought a potion of haste for 110 gold pieces
  1582 | D:3      | Reached *** piety under Jiyva
  1662 | D:3      | Reached XP level 4. HP: 44/44 MP: 3/3
  1793 | D:3      | Reached skill level 3 in Unarmed Combat
  1896 | D:3      | Gained mutation: You have sharp toenails. [Jiyva's grace]
  1896 | D:3      | Gained mutation: You have razor-sharp toenails. [Jiyva's
                  | grace]
  1896 | D:3      | Gained mutation: You have claws for feet. [Jiyva's grace]
  1896 | D:3      | Gained mutation: You have a small jelly attached to you
                  | that senses nearby items. [Jiyva's grace]
  2116 | D:4      | Found a staircase to the Ecumenical Temple.
  2123 | D:4      | Noticed a centaur
  2145 | D:4      | Killed a centaur
  2146 | D:4      | Reached XP level 5. HP: 30/53 MP: 4/4
  2186 | D:4      | Found Sataita's Self-Improvement Boutique.
  2210 | D:4      | Reached **** piety under Jiyva
  2308 | D:4      | Noticed a phantom
  2314 | D:4      | Killed a phantom
  2315 | D:4      | Reached skill level 4 in Unarmed Combat
  2315 | D:4      | Reached XP level 6. HP: 57/61 MP: 5/5
  2683 | Temple   | Entered the Ecumenical Temple
  2710 | D:5      | Entered Level 5 of the Dungeon
  2824 | D:5      | Reached ***** piety under Jiyva
  2914 | D:5      | Found an iron altar of Okawaru.
  3009 | D:5      | Gained mutation: Your melee attacks may engulf your foes in
                  | ooze. [Jiyva's grace]
  3009 | D:5      | Gained mutation: You possess an exceptional clarity of
                  | mind. [Jiyva's grace]
  3009 | D:5      | Gained mutation: Your skin changes colour to match your
                  | surroundings (Stealth+). [Jiyva's grace]
  3009 | D:5      | Gained mutation: Your skin blends seamlessly with your
                  | surroundings (Stealth++). [Jiyva's grace]
  3053 | D:5      | Reached skill level 5 in Unarmed Combat
  3054 | D:5      | Reached XP level 7. HP: 57/68 MP: 6/6
  3890 | D:6      | Reached skill level 6 in Unarmed Combat
  3984 | D:6      | Reached skill level 5 in Shields
  3984 | D:6      | Reached XP level 8. HP: 79/79 MP: 7/7
  4131 | D:7      | Reached skill level 7 in Unarmed Combat
  4135 | D:7      | Noticed a +0 short sword
  4135 | D:7      | Noticed a +0 falchion
  4135 | D:7      | Noticed a +0 spear
  4135 | D:7      | Noticed a +0 dagger
  4136 | D:7      | Noticed a +0 falchion
  4137 | D:7      | Noticed a +0 short sword
  4144 | D:7      | Reached skill level 5 in Fighting
  4322 | D:7      | Found the +0 pair of fencer's gloves {Riposte Dex+3}
  4365 | D:7      | Noticed a +0 spear
  4365 | D:7      | Noticed a +0 dagger
  4378 | D:7      | Found a hide-covered altar of Uskayaw.
  4638 | D:8      | Noticed Joseph
  4647 | D:8      | Killed Joseph
  4648 | D:8      | Reached skill level 8 in Unarmed Combat
  4665 | D:8      | Found a hazy altar of Hepliaklqana.
  4729 | D:8      | Noticed Grum
  4764 | D:8      | Reached XP level 9. HP: 88/88 MP: 8/8
  4798 | D:8      | Killed Grum
  4927 | D:8      | Reached skill level 9 in Unarmed Combat
  4947 | D:8      | Noticed Amaemon
  4947 | D:8      | Noticed an orange demon
  4954 | D:8      | Killed Amaemon
  4957 | D:8      | Killed an orange demon
  5004 | D:8      | Reached skill level 10 in Unarmed Combat
  5010 | D:8      | Reached XP level 10. HP: 85/100 MP: 9/9
  5111 | D:8      | Noticed Prince Ribbit
  5112 | D:8      | Reached ****** piety under Jiyva
  5122 | D:8      | Killed Prince Ribbit
  5127 | D:8      | Found a snail-covered altar of Cheibriados.
  5128 | D:8      | Found an ornate altar of the Wu Jian Council.
  5422 | D:8      | Noticed Erica
  5434 | D:8      | Killed Erica
  5435 | D:8      | Reached skill level 11 in Unarmed Combat
  5582 | D:9      | Reached skill level 1 in Throwing
  5636 | D:9      | Found a staircase to the Orcish Mines.
  5731 | D:9      | Gained mutation: You have a pair of small horns on your
                  | head. [Jiyva's grace]
  5731 | D:9      | Gained mutation: You have a pair of horns on your head.
                  | [Jiyva's grace]
  5731 | D:9      | Gained mutation: You have a pair of large horns on your
                  | head. [Jiyva's grace]
  5731 | D:9      | Gained mutation: Your body has grown eyes which may confuse
                  | attackers. (Acc +3) [Jiyva's grace]
  5746 | D:9      | Noticed a two-headed ogre
  5752 | D:9      | Killed a two-headed ogre
  5753 | D:9      | Reached XP level 11. HP: 96/109 MP: 10/10
  5820 | D:9      | Found a burning altar of Makhleb.
  6023 | D:9      | Found a broken altar of Ashenzari.
  6168 | D:9      | Found a broken altar of Ashenzari.
  6521 | D:9      | Found a blossoming altar of Fedhas.
  6560 | D:9      | Found a burning altar of Makhleb.
  6776 | D:10     | Entered Level 10 of the Dungeon
  6864 | D:10     | Found a shimmering blue altar of Sif Muna.
  6882 | D:10     | Identified the +3 ring mail of Kindness {Slay+5}
  6909 | D:10     | Reached skill level 5 in Throwing
  7083 | D:10     | Noticed a two-headed ogre
  7101 | D:10     | Killed a two-headed ogre
  7228 | D:10     | Found a portal to a secret trove of treasure.
  7852 | D:11     | Reached skill level 12 in Unarmed Combat
  7944 | D:11     | Noticed a white ugly thing
  7961 | D:11     | Found a staircase to the Lair.
  7974 | D:11     | Killed a white ugly thing
  8160 | D:11     | Lost mutation: You have a pair of large horns on your head.
                  | [Jiyva's grace]
  8160 | D:11     | Lost mutation: Your body has grown eyes which may confuse
                  | attackers. (Acc +3) [Jiyva's grace]
  8160 | D:11     | Lost mutation: Your melee attacks may engulf your foes in
                  | ooze. [Jiyva's grace]
  8160 | D:11     | Gained mutation: Your spells are a little harder to cast,
                  | but a little more powerful. [Jiyva's grace]
  8160 | D:11     | Gained mutation: Your spells are harder to cast, but more
                  | powerful. [Jiyva's grace]
  8160 | D:11     | Gained mutation: Your spells are much harder to cast, but
                  | much more powerful. [Jiyva's grace]
  8160 | D:11     | Gained mutation: You passively dampen the noise of your
                  | surroundings. [Jiyva's grace]
  8695 | D:3      | Bought 2 potions of heal wounds for 110 gold pieces
  8876 | Lair:1   | Entered Level 1 of the Lair of Beasts
  8936 | Lair:1   | Reached XP level 12. HP: 122/122 MP: 11/11
  9880 | Lair:2   | Reached skill level 13 in Unarmed Combat
  9882 | Lair:2   | Found a frozen archway.
  9986 | Lair:2   | Found a transporter.
 10056 | Lair:2   | Noticed a seven-headed hydra
 10066 | Lair:2   | Slimified a seven-headed hydra
 10066 | Lair:2   | a seven-headed hydra changed into a slime creature
 10162 | Lair:2   | Lost mutation: You have a pair of horns on your head.
                  | [Jiyva's grace]
 10162 | Lair:2   | Lost mutation: You have claws for feet. [Jiyva's grace]
 10162 | Lair:2   | Lost mutation: You have razor-sharp toenails. [Jiyva's
                  | grace]
 10162 | Lair:2   | Lost mutation: You have sharp toenails. [Jiyva's grace]
 10162 | Lair:2   | Lost mutation: You possess an exceptional clarity of mind.
                  | [Jiyva's grace]
 10162 | Lair:2   | Lost mutation: Your spells are much harder to cast, but
                  | much more powerful. [Jiyva's grace]
 10162 | Lair:2   | Gained mutation: You are partially covered in large bone
                  | plates. (SH +4) [Jiyva's grace]
 10162 | Lair:2   | Gained mutation: You are mostly covered in large bone
                  | plates. (SH +6) [Jiyva's grace]
 10162 | Lair:2   | Gained mutation: You are completely covered in large bone
                  | plates. (SH +8) [Jiyva's grace]
 10162 | Lair:2   | Gained mutation: You have an increased reservoir of magic.
                  | (+10% MP) [Jiyva's grace]
 10236 | Lair:2   | Found a staircase to the Swamp.
 10366 | Lair:2   | Found a transporter.
 10387 | Lair:2   | Noticed Zigma's ghost (journeyman OpSu)
 10470 | IceCv    | Entered an ice cave
 10710 | IceCv    | Reached skill level 14 in Unarmed Combat
 10710 | IceCv    | Reached XP level 13. HP: 131/131 MP: 13/13
 11450 | Lair:3   | an eight-headed hydra changed into an azure jelly
 11450 | Lair:3   | Noticed an azure jelly
 11502 | Lair:3   | Found a staircase to the Snake Pit.
 11532 | Lair:3   | a six-headed hydra changed into an azure jelly
 11532 | Lair:3   | Noticed an azure jelly
 11623 | Lair:3   | Found a shimmering altar of Xom.
 11786 | Lair:3   | Found a dark tunnel.
 11796 | Volcano  | Entered a volcano
 11873 | Volcano  | Noticed a fire dragon
 11885 | Volcano  | Killed a fire dragon
 11901 | Volcano  | Identified the +2 pair of boots "Aczetu Zomur" {rF- Int-3
                  | Dex+10 Stlth+}
 12813 | Lair:4   | Found a transporter.
 12826 | Lair:4   | Lost mutation: You passively dampen the noise of your
                  | surroundings. [Jiyva's grace]
 12826 | Lair:4   | Gained mutation: You are agile. (Dex +4, Str/Int -1)
                  | [Jiyva's grace]
 12826 | Lair:4   | Gained mutation: You are very agile. (Dex +8, Str/Int -2)
                  | [Jiyva's grace]
 12826 | Lair:4   | Gained mutation: Armour fits poorly on your pseudopods.
                  | [Jiyva's grace]
 12826 | Lair:4   | Gained mutation: Armour fits poorly on your large
                  | pseudopods. [Jiyva's grace]
 12900 | Lair:4   | Reached skill level 10 in Fighting
 12905 | Lair:4   | Reached skill level 15 in Unarmed Combat
 13034 | Lair:3   | Reached skill level 5 in Dodging
 13034 | Lair:3   | Reached skill level 10 in Shields
 13135 | Lair:4   | Found a transporter.
 13315 | Lair:4   | Noticed Imiw's ghost (journeyman TeAE)
 13748 | Lair:5   | Entered Level 5 of the Lair of Beasts
 13952 | Lair:5   | Reached XP level 14. HP: 107/143 MP: 14/14
 14039 | Lair:5   | a five-headed hydra changed into an acid blob
 14039 | Lair:5   | Noticed an acid blob
 14045 | Lair:5   | Found a staircase to the Slime Pits.
 14174 | Lair:5   | Lost mutation: You have a pair of small horns on your head.
                  | [Jiyva's grace]
 14174 | Lair:5   | Lost mutation: You are completely covered in large bone
                  | plates. (SH +8) [Jiyva's grace]
 14174 | Lair:5   | Lost mutation: You are mostly covered in large bone plates.
                  | (SH +6) [Jiyva's grace]
 14174 | Lair:5   | Lost mutation: Your spells are harder to cast, but more
                  | powerful. [Jiyva's grace]
 14174 | Lair:5   | Gained mutation: You have hidden genetic potential.
                  | [Jiyva's grace]
 14174 | Lair:5   | Gained mutation: You have great hidden genetic potential.
                  | [Jiyva's grace]
 14174 | Lair:5   | Gained mutation: Armour fits poorly on your massive
                  | pseudopods. [Jiyva's grace]
 14174 | Lair:5   | Gained mutation: Your melee attacks may engulf your foes in
                  | ooze. [Jiyva's grace]
 14281 | Lair:5   | Found a large runed translucent door.
 14281 | Lair:5   | Found a large runed translucent door.
 14304 | Lair:5   | Reached skill level 16 in Unarmed Combat
 14949 | Slime:1  | Entered Level 1 of the Pits of Slime
 14974 | Slime:4  | Noticed an acid blob
 14982 | Slime:5  | Entered Level 5 of the Pits of Slime
 14998 | Slime:5  | Found a viscous altar of Jiyva.
 14999 | Slime:5  | Noticed a rockslime
 14999 | Slime:5  | Noticed the Royal Jelly
 14999 | Slime:5  | Noticed an acid blob
 15001 | Slime:5  | Noticed an acid blob
 15004 | Slime:5  | Noticed a rockslime
 15006 | Slime:5  | Noticed a quicksilver ooze
 15007 | Slime:5  | Noticed an acid blob
 15008 | Slime:5  | Noticed an acid blob
 15008 | Slime:5  | Noticed a quicksilver ooze
 15010 | Slime:5  | Noticed a rockslime
 15011 | Slime:5  | Noticed an acid blob
 15016 | Slime:5  | Identified the ring of Qeuschula {*Corrode rPois rC+++ rN+
                  | EV+5}
 15018 | Slime:5  | Identified the +7 scimitar of Xeloczi {heavy, rPois rC- rN+
                  | Dex+2}
 15023 | Slime:5  | Noticed a rockslime
 15028 | Slime:5  | Got a slimy rune of Zot
 15037 | Slime:5  | Identified the ring of Yceluwk {rPois SInv}
 15040 | Slime:5  | Identified the +2 dagger "Upadiun" {speed, rF+}
 15047 | Slime:5  | Identified the +7 trident "Huja" {vamp, rElec Int+7}
 15270 | Slime:4  | Noticed an acid blob
 15276 | Slime:4  | Noticed an azure jelly
 15486 | Orc:1    | Entered Level 1 of the Orcish Mines
 15643 | Orc:1    | Found Xemig's Gadget Gallery.
 15951 | Orc:2    | Entered Level 2 of the Orcish Mines
 16201 | Orc:2    | HP: 4/140 [sun demon[an orc high priest] (6)]
 16203 | Orc:2    | Slain by a rust devil

Illustrated notes

Levels and vault maps discovered:
D:1:      dpeg_arrival_round_b, layout_loops_ring
D:2:      layout_loops_cross, nicolae_ecumenical_oubliette,
          uniq_crazy_yiuf_cottage
D:3:      minmay_razor_zed, layout_rooms, serial_shops, nicolae_shop_stone,
          nicolae_shop_stone
D:4:      layout_loops_ring, minmay_temple_entry_mini_moons, skrybe_limestone_x,
          nicolae_shop_self_help
D:5:      layout_layer_cave, okawaru_trees_2, minmay_holes
D:6:      layout_rooms, serial_bayou_pond_c, ebering_dispersal_statue_hall,
          nicolae_water_bricks
D:7:      layout_basic, nicolae_uskayaw_en_pointe, minivault_4
D:8:      layout_basic, jmf_multi_god_temple, lemuel_tele_altar, uniq_amaemon,
          uniq_prince_ribbit1, uniq_grum, uniq_erica, uniq_joseph
D:9:      layout_loops_ring, marbit_many_paths, general_overflow_altar,
          kennysheep_little_box, zombieorc2_lemuel, grunt_ministairs_7
D:10:     layout_basic, mainiacjoe_overflow_cross_hatched,
          trove_entry_hex_spiral, grunt_ministairs_3
D:11:     layout_roguey, erik_lair_orcish_takeover, hex_large
Temple:   nicolae_temple_bog_church
Lair:1:   layout_hall_layers, grunt_megastairs_4
Lair:2:   layout_roguey, swamp_mist, gammafunk_ghost_wrathful_warriors,
          portal_ice_cave_entry_ice_simulacra, nicolae_lair_run_with_the_wolves
Lair:3:   layout_cave_pods, minmay_snake_entry_guardpost_small,
          lightli_volcano_entry_magma_tube, lemuel_centaur_altar
Lair:4:   layout_cave_pods, nzn_ghost_randoct, lemuel_fruit_fields
Lair:5:   cheibrodos_lair_end_hotspot, layout_hall_layers,
          minmay_slime_entry_jelly_boxes
Slime:1:  layout_caves
Slime:2:  layout_caves
Slime:3:  layout_caves
Slime:4:  layout_caves, nicolae_slime_welcoming_committee
Slime:5
Orc:1:    layout_caves, nicolae_shop_gadgets
Orc:2:    st_orc_mages, layout_diamond_mine

Skill      XL: |  1  2  3  4  5  6  7  8  9 10 11 12 13 14 |
---------------+-------------------------------------------+-----
Shields        | 3 4 5 6 7 8 9 10 | 10.9
Dodging        | 3 5 6 |  6.5
Fighting       | 3 4 5 6 7 8 9 10 | 10.9
Unarmed Combat | 3 4 5 6 8 10 11 12 14 15 16 | 16.5
Throwing       | 3 7 9 |  9.0

Action                   |  1- 3 |  4- 6 |  7- 9 | 10-12 | 13-15 || total
-------------------------+-------+-------+-------+-------+-------++-------
Melee: Unarmed           |   147 |    77 |   127 |   640 |   624 ||  1615
       Kick              |       |     9 |    32 |   139 |       ||   180
       Headbutt          |       |       |       |    77 |   103 ||   180
       Pseudopods        |       |       |       |       |   104 ||   104
Throw: Dart              |       |       |       |     3 |       ||     3
       Javelin           |       |       |       |       |     5 ||     5
       Throwing net      |       |       |       |       |     1 ||     1
Invok: Slimify           |       |       |       |     1 |     3 ||     4
  Use: Scroll            |     2 |       |     1 |     1 |     2 ||     6
       Potion            |       |       |     3 |     1 |     4 ||     8
 Stab: Distracted        |     1 |       |       |     1 |     2 ||     4
       Sleeping          |     1 |       |     7 |     8 |    11 ||    27
       Confused          |       |       |       |     1 |       ||     1
       Petrified         |       |       |       |       |     7 ||     7
Armor: Robe              |    59 |    16 |    12 |    34 |       ||   121
       Troll leather arm |       |       |       |    63 |    53 ||   116
Dodge: Dodged            |    52 |    30 |    32 |   181 |   126 ||   421
Block: Kite shield       |    54 |    29 |    50 |   302 |   471 ||   906

Table legend: (Time is in decaauts)
 A = Elapsed time spent in this place.
 B = Non-inter-level travel time spent in this place.
 C = Inter-level travel time spent in this place.
 D = Time resting spent in this place.
 E = Time spent auto-exploring this place.
 F = Levels seen in this place.
 G = Mean time per level.
                   A        B        C        D        E       F      G
               +--------+--------+--------+--------+--------+-----+--------+
         Total |  16020 |  14560 |   1460 |    315 |   8201 |  26 |  616.2 |
       Dungeon |   8961 |   8123 |    838 |    139 |   5128 |  11 |  814.6 |
        Temple |      1 |      1 |      0 |      0 |      0 |   1 |    1.0 |
          Lair |   5146 |   4635 |    511 |    134 |   2326 |   5 | 1029.2 |
    Slime Pits |    334 |    257 |     77 |      0 |    167 |   5 |   66.8 |
  Orcish Mines |    684 |    651 |     33 |     12 |    235 |   2 |  342.0 |
      Ice Cave |    647 |    647 |      0 |     25 |    283 |   1 |  647.0 |
       Volcano |    243 |    243 |      0 |      5 |     62 |   1 |  243.0 |
               +--------+--------+--------+--------+--------+-----+--------+

Top non-repeatable levels by time:
     D:9: 1279 daAuts
  Lair:5: 1161 daAuts
  Lair:3: 1112 daAuts
     D:5: 1055 daAuts
    D:10: 1039 daAuts
  Lair:1: 980 daAuts
  Lair:4: 954 daAuts
  Lair:2: 937 daAuts
     D:8: 917 daAuts
    D:11: 862 daAuts
     D:4: 765 daAuts
     D:1: 729 daAuts
     D:2: 695 daAuts
   IceCv: 647 daAuts
     D:7: 593 daAuts
